 Dungeon Crawl Stone Soup version 0.26.1-11-gd32895ea62 (webtiles) character file.

Game seed: 3124283131773818891

4562 Amplified the Thaumaturge (level 10, -5/79 HPs)
             Began as a Mummy Necromancer on May 31, 2021.
             Was an Initiate of Gozag.
             Slain by a white ugly thing (7 damage)
             ... on level 6 of the Dungeon on June 1, 2021.
             The game lasted 00:23:28 (11366 turns).

Amplified the Thaumaturge (Mummy Necromancer)      Turns: 11366, Time: 00:23:28

Health: -5/79      AC: 20    Str: 12    XL:     10   Next: 18%
Magic:  23/23      EV:  3    Int: 18    God:    Gozag
Gold:   276        SH: 16    Dex: 12    Spells: 22/27 levels left

rFire    x . .     SeeInvis .   d - +2 long sword (flame)
rCold    + + +     Faith    .   m - +2 kite shield
rNeg     + + +     Spirit   .   l - +4 shadow dragon scales
rPois    ∞         Reflect  +   (no helmet)
rElec    +         Harm     .   b - +0 cloak
rCorr    +         Rampage  .   (no gloves)
Will     +....                  s - +0 pair of boots
Stlth    +++.......             g - amulet of reflection
HPRegen  0.23/turn              i - +4 ring of protection
MPRegen  0.18/turn              c - ring of ice

@: mighty, brilliant, resistant
A: no potions, fire vulnerability, cold resistance 1, negative energy resistance
3, torment resistance, unbreathing
a: Renounce Religion, Potion Petition, Call Merchant, Bribe Branch


You were on level 6 of the Dungeon.
You worshipped Gozag.
Gozag was aware of your devotion.
You visited 1 branch of the dungeon, and saw 8 of its levels.
You also visited: Ossuary.

You collected 1479 gold pieces.
You paid 1203 gold pieces to Gozag.

Inventory:

Hand Weapons
 d - a +2 long sword of flaming (weapon)
 e - a +0 falchion of freezing
Missiles
 k - 57 poisoned darts (quivered)
Armour
 a - a +0 robe
 b - a +0 cloak (worn)
 l - +4 shadow dragon scales (worn)
 m - a +2 kite shield (worn)
 s - a +0 pair of boots (worn)
Jewellery
 c - a ring of ice (right hand)
 f - an uncursed amulet of guardian spirit
 g - an amulet of reflection (around neck)
 i - a +4 ring of protection (left hand)
 r - an uncursed ring of wizardry
Wands
 o - a wand of flame (6)
Scrolls
 h - 4 scrolls of amnesia
 j - 2 scrolls of fog
 q - 2 scrolls of remove curse
 t - 2 scrolls of identify


   Skills:
 * Level 7.4 Fighting
 - Level 1.5 Dodging
 - Level 1.5 Stealth
 * Level 5.9 Shields
 * Level 9.4 Spellcasting
 * Level 8.6 Necromancy


You had 22 spell levels left.
You knew the following spells:

 Your Spells              Type           Power        Failure   Level
a - Pain                  Necr           100%         36%         1
b - Animate Skeleton      Necr           100%         36%         1
c - Vampiric Draining     Necr           28%          75%         3

Your spell library contained the following spells:

 Spells                   Type           Power        Failure   Level
 Animate Dead             Necr           28%          98%         4
 Freeze                   Ice            76%          100%        1
 Magic Dart               Conj           48%          100%        1
 Blink                    Tloc           N/A          100%        2
 Call Imp                 Summ           12%          100%        2
 Slow                     Hex            12%          100%        2
 Conjure Flame            Conj/Fire      12%          100%        3
 Frozen Ramparts          Ice            38%          100%        3
 Mephitic Cloud           Conj/Pois/Air  12%          100%        3
 Ozocubu's Armour         Ice            19%          100%        3
 Hailstorm                Conj/Ice       19%          100%        4
 Summon Ice Beast         Ice/Summ       19%          100%        4
 Agony                    Necr           56%          100%        5


Dungeon Overview and Level Annotations

Branches:
Dungeon (8/15)             Temple (0/1) D:7         Ossuary (visited)
   Lair: D:8-11

Altars:
Elyvilon
Gozag
Hepliaklqana
Kikubaaqudgha
Makhleb
Sif Muna
Trog
Wu Jian
Yredelemnul

Annotations:
D:8 Erica


Innate Abilities, Weirdness & Mutations

You do not drink.
Your flesh is vulnerable to fire.
You are immune to poison.
Your flesh is cold resistant. (rC+)
You are immune to negative energy. (rN+++)
You are immune to unholy pain and torment.
You can survive without breathing.


Message History

You block the white ugly thing's attack.
Unknown command.
Unknown command.
You slash the white ugly thing! You burn the white ugly thing.
The white ugly thing is severely wounded.
You block the white ugly thing's attack.
The white ugly thing headbutts you but does no damage.
Unknown command.
Unknown command.
You barely miss the white ugly thing.
The white ugly thing is severely wounded.
You block the white ugly thing's attack.
Unknown command.
You hit the white ugly thing. You burn the white ugly thing.
The white ugly thing is almost dead.
The white ugly thing headbutts you!
* * * LOW HITPOINT WARNING * * *
The white ugly thing freezes you! You resist.
You die...
Your body crumbles into a pile of gold.

###.......##.#........#)##.##....
##...#...###........#####.##....
#........# #...####).####..#....
#....#.### ##..###.....##.......
#....#.#####............#......#
###.............................#
#................#.....##.......#
##...............u.[............#
.##.............@......##......##
..#...................###.....###
..................<...##.........
.....#....##..#.......##..#......
....####.####.#<......######.....
....# ### ####...#.## ##.###
!..## #...### ### #.## #....# ###
##.###


You could see a white ugly thing.

Vanquished Creatures
  A moth of wrath (D:5)
  5 yaks
  Grum (D:8)
  A water moccasin (D:6)
  A necrophage (D:5)
  2 ice beasts (D:7)
  4 ogres
  2 phantoms (D:5)
  2 centaurs
  3 wolves (D:8)
  A bullfrog (D:7)
  13 scorpions
  8 wights
  A howler monkey (D:4)
  A centaur zombie (Ossuary)
  A hound (D:4)
  A jelly (D:7)
  3 orc priests
  Terence (D:2)
  11 orc wizards
  A worker ant (D:4)
  5 big kobold zombies (Ossuary)
  3 mummies (Ossuary)
  A worker ant zombie (D:5)
  3 gnolls (D:7)
  7 adders
  4 scorpion zombies (Ossuary)
  A shadow imp (D:5)
  An ooze (D:2)
  An adder skeleton (D:4)
  4 worms
  3 dart slugs (D:1)
  4 leopard geckos
  11 orcs
  4 bats
  8 giant cockroaches
  2 gnoll zombies (Ossuary)
  3 hobgoblins
  8 jackals
  3 quokkas
  A ball python (D:7)
  5 frilled lizards
  7 goblins
  2 goblin zombies (Ossuary)
  A hobgoblin zombie (Ossuary)
  5 kobolds
  An orc zombie (Ossuary)
  8 rats
170 creatures vanquished.

Vanquished Creatures (collateral kills)
  A bullfrog (D:8)
  A water moccasin zombie (D:8)
  2 wights (D:8)
  An ufetubus (D:8)
5 creatures vanquished.

Vanquished Creatures (others)
  A scorpion (Ossuary)
  A centaur zombie (Ossuary)
  A hobgoblin zombie (Ossuary)
  14 plants
17 creatures vanquished.

Grand Total: 192 creatures vanquished

Notes
Turn   | Place    | Note
-------+----------+-------------------------------------------
     0 | D:1      | Amplified the Mummy Necromancer began the quest for the
                  | Orb.
     0 | D:1      | Reached XP level 1. HP: 13/13 MP: 4/4
   443 | D:1      | Reached skill level 3 in Spellcasting
   456 | D:1      | Reached XP level 2. HP: 18/20 MP: 1/6
   570 | D:1      | Reached skill level 1 in Fighting
   911 | D:2      | Noticed Terence
   937 | D:2      | Learned a level 1 spell: Animate Skeleton
   944 | D:2      | Reached XP level 3. HP: 21/26 MP: 1/7
  1702 | D:3      | Found an ancient bone altar of Kikubaaqudgha.
  2247 | D:3      | Learned a level 3 spell: Vampiric Draining
  2268 | D:2      | Reached XP level 4. HP: 8/33 MP: 0/9
  2774 | D:2      | Reached skill level 1 in Shields
  2774 | D:2      | Reached skill level 4 in Spellcasting
  2838 | D:2      | Found an opulent altar of Gozag.
  2846 | D:2      | Became a worshipper of Gozag Ym Sagoz the Greedy
  2958 | D:2      | Killed Terence
  2959 | D:2      | Reached XP level 5. HP: 34/39 MP: 7/11
  3592 | D:3      | Reached skill level 5 in Necromancy
  3979 | D:4      | Found a burning altar of Makhleb.
  4350 | D:4      | Reached XP level 6. HP: 44/46 MP: 10/12
  4655 | D:4      | Found an ornate altar of the Wu Jian Council.
  4754 | D:4      | Found a white marble altar of Elyvilon.
  4785 | D:4      | Got a steaming ivory ring
  4819 | D:5      | Entered Level 5 of the Dungeon
  4820 | D:5      | Identified the ring of Fixation {+Inv rC++ Int+3 Slay-3
                  | SInv} (You found it on level 4 of the Dungeon)
  4892 | D:5      | Reached skill level 5 in Spellcasting
  4960 | D:5      | Found a shimmering blue altar of Sif Muna.
  5038 | D:6      | Noticed an orc warrior
  5151 | D:5      | Reached XP level 7. HP: 46/52 MP: 11/14
  5462 | D:6      | Found a sand-covered staircase.
  5497 | Ossuary  | Entered an ossuary
  5798 | Ossuary  | Reached skill level 6 in Spellcasting
  6079 | Ossuary  | Reached XP level 8. HP: 46/61 MP: 17/17
  6768 | D:8      | Reached skill level 5 in Fighting
  6933 | D:8      | Noticed a white ugly thing
  6970 | D:8      | Found a basalt altar of Yredelemnul.
  7017 | D:8      | Noticed Grum
  7020 | D:8      | Noticed Erica
  7223 | D:7      | Reached skill level 7 in Spellcasting
  8330 | D:7      | Found a staircase to the Ecumenical Temple.
  8417 | D:6      | Reached XP level 9. HP: 69/69 MP: 20/20
  8796 | D:5      | Reached skill level 8 in Spellcasting
  9017 | D:5      | Noticed a moth of wrath
  9020 | D:5      | Found a bloodstained altar of Trog.
  9111 | D:5      | Killed a moth of wrath
  9112 | D:5      | Reached skill level 5 in Shields
  9889 | D:6      | Reached skill level 9 in Spellcasting
 10294 | D:7      | Found a hazy altar of Hepliaklqana.
 10476 | D:8      | Killed Grum
 10477 | D:8      | Reached XP level 10. HP: 27/79 MP: 23/23
 10743 | D:8      | Found a bloodstained altar of Trog.
 11366 | D:6      | HP: 2/79 [white ugly thing (11)]
 11366 | D:6      | Slain by a white ugly thing

Illustrated notes

Levels and vault maps discovered:
D:1:      scummos_arrival_checkerplants, layout_loops_ring
D:2:      layout_rooms, lemuel_coloured_pillars_altar, serial_bayou,
          serial_bayou_ford_a, serial_bayou_pond_a, serial_bayou_lagoon_a,
          serial_bayou_pond_e, uniq_terence
D:3:      layout_rooms, lemuel_crystal_altar, serial_forest,
          infiniplex_forest_3_way, infiniplex_forest_lined_3_way,
          infiniplex_forest_lined_3_way, infiniplex_forest_clump_small,
          infiniplex_forest_end_1, infiniplex_forest_end_1,
          infiniplex_forest_clump_long
D:4:      layout_loops_ring, nzn_wu_jian_council_hall, lemuel_round_altar,
          nicolae_overflow_crystal_walls
D:5:      layout_loops_ring, lemuel_blue_sif_altar, serial_glass,
          glass_columns_b, glass_columns_b, tgw_trog
D:6:      minmay_flawed_box, layout_cave_pools, chequers_ossuary_entry_cave
D:7:      layout_loops_corners, nzn_hepliaklqana_mist_gate
D:8:      layout_basic, lemuel_crystal_altar, nicolae_overflow_hidden_temple,
          uniq_grum, uniq_erica

Skill      XL: |  1  2  3  4  5  6  7  8  9 |
---------------+----------------------------+-----
Spellcasting   | 3 4 5 6 7 9 |  9.4
Fighting       | 1 2 3 4 5 7 |  7.4
Shields        | 1 2 3 4 5 |  5.9
Necromancy     | 5 6 7 8 |  8.6
Dodging        | |  1.5
Stealth        | |  1.5

Action                   |  1- 3 |  4- 6 |  7- 9 | 10-12 || total
-------------------------+-------+-------+-------+-------++-------
Melee: Whip              |    76 |    13 |       |       ||    89
       Unarmed           |     4 |       |       |       ||     4
       Falchion          |       |    38 |       |       ||    38
       Long sword        |       |    98 |   563 |    76 ||   737
Throw: Dart              |     5 |    18 |    23 |     3 ||    49
       Boomerang         |       |     2 |       |       ||     2
       Throwing net      |       |       |     1 |       ||     1
 Cast: Pain              |    56 |    20 |       |       ||    76
       Animate Skeleton  |     1 |       |       |       ||     1
       Vampiric Draining |       |       |       |     1 ||     1
Invok: Potion Petition   |       |       |     2 |     1 ||     3
Evoke: Wand              |       |       |    15 |     4 ||    19
  Use: Scroll            |     5 |    10 |    11 |     1 ||    27
 Stab: Sleeping          |     3 |     3 |     5 |     2 ||    13
       Held in net/web   |       |       |     1 |       ||     1
Armor: Robe              |    25 |    15 |       |       ||    40
       Shadow dragon sca |       |    56 |   378 |    48 ||   482
Dodge: Dodged            |    75 |    47 |    34 |     7 ||   163
Block: Kite shield       |    30 |   106 |   523 |    66 ||   725
       Reflection        |       |       |     4 |       ||     4
       Rpst.: Falchion   |       |    10 |       |       ||    10
       Long sword        |       |     5 |     9 |     1 ||    15
